 Dungeon Crawl Stone Soup version 0.23.2 (webtiles) character file.

Game seed: 1262534296445639980

99 redwoodhats the Chiller (level 4, 0/24 HPs)
             Began as a Tengu Ice Elementalist on Apr 9, 2019.
             Killed by divine providence
             ... invoked by an orc priest
              (12 damage)
             ... on level 3 of the Dungeon.
             The game lasted 00:11:32 (2191 turns).

redwoodhats the Chiller (Tengu Ice Elementalist)    Turns: 2191, Time: 00:11:33

Health: 0/24       AC:  2    Str: 10    XL:     4   Next: 72%
Magic:  8/9        EV: 13    Int: 15    God:
Gold:   122        SH:  0    Dex: 14    Spells: 4/9 levels left

rFire    . . .     SeeInvis .   j - +0 spear (venom)
rCold    . . .     Gourm    .   (no shield)
rNeg     . . .     Faith    .   a - +0 robe
rPois    .         Spirit   .   (helmet restricted)
rElec    .         Reflect  .   (no cloak)
rCorr    .         Harm     .   (no gloves)
MR       .....                  (boots unavailable)
Stlth    ++........             (no amulet)
HPRegen  0.08/turn              (no ring)
MPRegen  0.11/turn              (no ring)

@: no status effects
A: beak, talons 3
a: no special abilities


You were on level 3 of the Dungeon.
You were not hungry.

You visited 1 branch of the dungeon, and saw 3 of its levels.

You collected 122 gold pieces.

Inventory:

Hand Weapons
 i - a +1 dagger of protection
 j - a +0 spear of venom (weapon)
Armour
 a - a +0 robe (worn)
 d - a +0 shield
 e - a +0 pair of gloves
Jewellery
 f - a +1 ring of evasion
Scrolls
 b - a scroll of teleportation
 g - a scroll of identify {unknown}
Potions
 h - a potion of curing
 k - a potion of ambrosia {unknown}
Comestibles
 c - 4 rations


   Skills:
 + Level 0.4 Fighting
 + Level 0.2 Polearms
 + Level 2.5 Dodging
 + Level 2.7 Stealth
 + Level 0.2 Unarmed Combat
 + Level 3.0 Spellcasting
 + Level 1.3 Conjurations
 + Level 3.5 Ice Magic


You had 4 spell levels left.
You knew the following spells:

 Your Spells              Type           Power        Failure   Level  Hunger
a - Freeze                Ice            ##..         4%          1    #......
b - Throw Icicle          Conj/Ice       #.......     58%         4    #####..

Your spell library contained the following spells:

 Spells                   Type           Power        Failure   Level  Hunger
 Throw Frost              Conj/Ice       #.....       11%         2    ##.....
 Ozocubu's Armour         Chrm/Ice       #.......     28%         3    ###....
 Summon Ice Beast         Ice/Summ       #.......     67%         4    #####..


Dungeon Overview and Level Annotations

Branches:
Dungeon (3/15)

Altars:
Yredelemnul

Annotations:
D:2 Sigmund


Innate Abilities, Weirdness & Mutations

You have a beak for a mouth.
You have claws for feet.


Message History

Things that are here:
a +0 trident; a cursed +0 leather armour; an orc corpse Your magical contamination has completely faded away. 2 orcs and an orc priest come into view.
An orc wizard comes into view. It is wielding a +0 dagger.
The orc wizard shouts!
The orc priest hits you with a +0 hand axe!
You hit the orc priest.
The orc priest is poisoned.
You claw the orc priest.
The orc priest is moderately wounded.
The orc priest hits you with a +0 hand axe.
You hit the orc priest.
The orc priest looks as sick as possible!
The orc priest is heavily wounded.
The orc priest closely misses you.
You barely miss the orc priest. You peck the orc priest.
The orc priest is heavily wounded.
The orc priest calls down the wrath of Beogh upon you.
Beogh smites you!
Ouch! That really hurt!
You die...

..o.# #..#..... #.. #.o.#
#.. .o.## #.. .o.. #.#
#..# #.# #..# #.####..#
#######...@oo.#
#......#####.## #......#
###.## ## #.###..###....
.# #.# #...##.#.## .#
#.###...##.#.### .# #
#..............###.##....
#.#.##.###...))).<.......
#......# #....####.##.###


You could see an orc priest and an orc wizard.

Vanquished Creatures
  A howler monkey (D:2)
  An adder (D:2)
  2 leopard geckos
  4 orcs (D:3)
  2 giant cockroaches
  2 goblins (D:2)
  8 hobgoblins
  8 jackals (D:1)
  4 kobolds
  4 bats
  2 frilled lizards (D:1)
  2 rats (D:1)
40 creatures vanquished.

Notes
Turn   | Place    | Note
-------+----------+-------------------------------------------
     0 | D:1      | redwoodhats the Tengu Ice Elementalist began the quest for
                  | the Orb.
     0 | D:1      | Reached XP level 1. HP: 10/10 MP: 4/4
   141 | D:1      | Reached XP level 2. HP: 4/15 MP: 0/6
   725 | D:1      | Reached XP level 3. HP: 19/19 MP: 5/7
  1148 | D:2      | Reached XP level 4. HP: 19/24 MP: 7/9
  1156 | D:2      | Learned a level 4 spell: Throw Icicle
  1695 | D:2      | Noticed Sigmund
  1756 | D:2      | Found a basalt altar of Yredelemnul.
  2191 | D:3      | Killed from afar by an orc priest

Skill      XL: |  1  2  3  4 |
---------------+-------------+-----
Ice Magic      | 3 |  3.5
Spellcasting   | 3 |  3.0
Fighting       | |  0.4
Polearms       | |  0.2
Dodging        | |  2.5
Stealth        | |  2.7
Unarmed Combat | |  0.2
Conjurations   | |  1.3

Action                   |  1- 3 |  4- 6 || total
-------------------------+-------+-------++-------
Melee: Unarmed           |    18 |       ||    18
       Peck              |     4 |     3 ||     7
       Kick              |     5 |     6 ||    11
       Spear             |     7 |    24 ||    31
       Dagger            |     1 |    15 ||    16
 Cast: Freeze            |    31 |     1 ||    32
       Throw Icicle      |       |     1 ||     1
  Use: Scroll            |     4 |       ||     4
       Potion            |     2 |       ||     2
 Stab: Sleeping          |     1 |     1 ||     2
  Eat: Ration            |     1 |     1 ||     2
Armor: Robe              |    10 |     6 ||    16
Dodge: Dodged            |    35 |    29 ||    64
